 Dungeon Crawl Stone Soup version 0.28.0 (webtiles) character file.

Game seed: 18380056618414847319

22943 sanka the Nimble (level 13, -7/79 HPs)
             Began as a Tengu Earth Elementalist on Feb 9, 2022.
             Was a High Priest of Vehumet.
             Mangled by a merfolk (10 damage)
             ... on level 2 of the Lair of Beasts.
             The game lasted 00:44:48 (21703 turns).

sanka the Nimble (Tengu Earth Elementalist)        Turns: 21703, Time: 00:44:49

Health: -7/79      AC:  6    Str:  8    XL:     13   Next: 3%
Magic:  44/44      EV: 11    Int: 23    God:    Vehumet [*****.]
Gold:   991        SH:  0    Dex: 15    Spells: 3/28 levels left

rFire   + . .      SeeInvis .   I - +0 long sword (elec)
rCold   + . .      Faith    +   (no shield)
rNeg    . . .      Spirit   .   J - +1 robe {rC+ rF+}
rPois   .          Reflect  .   (helmet restricted)
rElec   .          Harm     .   q - +2 cloak
rCorr   .          Rampage  .   (no gloves)
Will    .....                   (boots unavailable)
Stlth   ++........              H - amulet of faith
HPRegen 0.23/turn               m - ring of magical power
MPRegen 0.29/turn               b - ring of magical power

@: lethally poisoned (-7 -> -39), about to teleport, flying quickly and
evasively, mesmerised, held, studying Shields, quick
A: beak, talons 3, nimble flight, clever 1
a: Renounce Religion


You were on level 2 of the Lair of Beasts.
You worshipped Vehumet.
Vehumet was extremely pleased with you.
You visited 3 branches of the dungeon, and saw 14 of its levels.
You also visited: Sewer, Ossuary and Bailey.

You collected 991 gold pieces.

Inventory:

Hand Weapons
 h - a +1 dagger of speed
 C - a +0 broad axe
 D - a +0 halberd
 E - the +4 bardiche "Ituagoce" {flame, Will+}
   (You found it in a bailey)

   It burns those it strikes, dealing additional fire damage.
   Big, fiery blades are also staple armaments of hydra-hunters.
   Will:      It increases your willpower.
 I - a +0 long sword of electrocution (weapon)
Missiles
 s - 320 stones
Armour
 q - a +2 cloak (worn)
 F - +0 steam dragon scales
 J - a +1 robe of resistance (worn)
Jewellery
 b - a ring of magical power (right hand)
 m - a ring of magical power (left hand)
 n - a ring of wizardry
 H - an amulet of faith (around neck)
 M - a ring of wizardry
Wands
 r - a wand of digging (3)
 A - a wand of acid (6)
 K - a wand of polymorph (2)
Scrolls
 a - a scroll of summoning
 c - 2 scrolls of fog
 d - 2 scrolls of noise
 f - 3 scrolls of immolation
 g - 4 scrolls of enchant armour
 i - 5 scrolls of teleportation
 p - 2 scrolls of enchant weapon {unknown}
 y - a scroll of torment
 B - a scroll of magic mapping {unknown}
 L - a scroll of blinking {unknown}
Potions
 e - 4 potions of brilliance {unknown}
 j - 2 potions of invisibility {unknown}
 k - 3 potions of attraction
 l - 4 potions of mutation
 u - 4 potions of curing {unknown}
 v - 2 potions of magic
 w - a potion of degeneration {unknown}
 x - 2 potions of might
 z - a potion of resistance
 G - 4 potions of haste
 N - a potion of berserk rage {unknown}


   Skills:
 + Level 8.7 Fighting
 + Level 13.1 Dodging
 - Level 2.0 Stealth
 - Level 8.0 Spellcasting
 + Level 12.0 Conjurations
 - Level 0.7 Transmutations
 - Level 3.0 Fire Magic
 + Level 10.5 Air Magic
 - Level 4.0 Earth Magic


You had 3 spell levels left.
You knew the following spells:

 Your Spells              Type           Power      Damage    Failure   Level
a - Sandblast             Erth           54%        2d13      1%          1
b - Stone Arrow           Conj/Erth      92%        3d12      1%          3
c - Passwall              Tmut/Erth      16%        N/A       4%          2
d - Sticky Flame          Conj/Fire      43%        2d6       1%          4
e - Shock                 Conj/Air       100%       1d9       1%          1
f - Static Discharge      Conj/Air       57%        N/A       1%          2
g - Lightning Bolt        Conj/Air       28%        1d45      1%          5
h - Orb of Destruction    Conj           29%        9d9       11%         7

Your spell library contained the following spells:

 Spells                   Type           Power      Damage    Failure   Level
 Corpse Rot               Necr/Air       66%        N/A       1%          2
 Poisonous Vapours        Pois/Air       66%        N/A       1%          2
 Conjure Flame            Conj/Fire      43%        6-21      1%          3
 Ignite Poison            Fire/Tmut/Pois 14%        N/A       3%          3
 Beastly Appendage        Tmut           24%        N/A       5%          1
 Animate Skeleton         Necr           18%        N/A       7%          1
 Apportation              Tloc           18%        N/A       7%          1
 Pain                     Necr           36%        1d5       7%          1
 Summon Small Mammal      Summ           36%        N/A       7%          1
 Wereblood                Tmut           12%        N/A       8%          2
 Spider Form              Tmut/Pois      10%        N/A       19%         3
 Vampiric Draining        Necr           9%         2d6       21%         3
 Olgreb's Toxic Radiance  Pois           9%         N/A       17%         4
 Petrify                  Tmut/Erth      20%        N/A       26%         4
 Dispel Undead            Necr           9%         3d8       56%         4
 Summon Forest            Summ/Tloc      4%         N/A       88%         5
 Summon Mana Viper        Hex/Summ       9%         N/A       88%         5
 Death Channel            Necr           4%         N/A       100%        6
 Summon Cactus Giant      Summ           4%         N/A       100%        6
 Malign Gateway           Summ/Tloc      4%         N/A       100%        7
 Ozocubu's Refrigeration  Ice            4%         4d5       100%        7
 Ignition                 Fire           11%        3d5       100%        8
 Chain Lightning          Conj/Air       28%        3d38      100%        9


Dungeon Overview and Level Annotations

Branches:
Dungeon (11/15)            Temple (1/1) D:6            Lair (2/6) D:9
    Orc (0/2) D:11          Sewer (visited)         Ossuary (visited)
 Bailey (visited)
  Swamp: Lair:2-4    Shoals: Lair:2-4     Snake: Lair:2-4    Spider: Lair:2-4

Altars:
Ashenzari
Cheibriados
Dithmenos
Elyvilon
Fedhas
Gozag
Hepliaklqana
Kikubaaqudgha
Makhleb
Nemelex Xobeh
Okawaru
Qazlal
Ru
Trog
Vehumet
Wu Jian
Xom
Zin
The Shining One

Shops:
D:7 (   D:11 (


Innate Abilities, Weirdness & Mutations

You have a beak for a mouth.
You have claws for feet.
Your magical nature lets you fly swiftly and evasively.
Your mind is acute. (Int +2)


Message History

* * * LOW HITPOINT WARNING * * *
You feel extremely sick.
A nearby plant withers and dies.
The merfolk closely misses you.
The merfolk throws a throwing net.
The throwing net hits you.
You become entangled in the net!
As you read the scroll of fear, it crumbles to dust.
You assume a fearsome visage.
The merfolk looks frightened!
The merfolk easily resists. x2
* * * LOW HITPOINT WARNING * * *
You feel extremely sick.
A merfolk siren comes into view.
It is wielding a +0 trident of distortion.
The merfolk hits you from afar with a +2 trident of venom.
* * * LOW HITPOINT WARNING * * *
Unknown command.
You feel much better.
* * * LOW HITPOINT WARNING * * *
You feel very sick.
The merfolk siren shouts!
The merfolk siren chants a haunting song.
You are mesmerised by the merfolk siren!
The merfolk hits you from afar with a +2 trident of venom!
* * * LOW HITPOINT WARNING * * *
You are more poisoned.
The merfolk misses you.
Unknown command.
You feel much better.
* * * LOW HITPOINT WARNING * * *
You feel extremely sick.
The merfolk siren chants its luring song.
The merfolk misses you. The merfolk barely misses you.
Unknown command.
Unknown command.
As you read the scroll of teleportation, it crumbles to dust.
You feel strangely unstable.
* * * LOW HITPOINT WARNING * * *
You feel extremely sick.
The merfolk siren chants its luring song.
The merfolk barely misses you.
The merfolk hits you from afar with a +0 trident!
You die...

....####...#....#....# ## ##...#
##......###....#..#### ##...
#P...###.#..####.###m. ###.
##.....###..# ###...≈ ...#.
##.#....###.# ###.≈≈m ≈≈.#.
##...##..###.####..≈. ###.≈..
##..#####..P..P.....#### #.###.#
.....# #.#........m....####..##.P
#...#.##....P#..@.m.........P##..
...######...P###..##........P###.
..P..#.#P..### #..##.........###.
...........## ##...#.............
............###....P.....##P#....
.......####.#..........######....
........# ##...........# ##....
.......## #........P...## ##.....
.......# ###...#P......###.)#...


You could see 3 merfolk and a merfolk siren (mesmerising).

Vanquished Creatures
  3 boulder beetles
  4 hydras
  3 two-headed ogres
  An orc knight (D:11)
  A manticore (D:11)
  Joseph (D:8)
  2 torpor snails (Lair:2)
  2 komodo dragons (Lair:1)
  A cane toad (Lair:2)
  Psyche (D:9)
  3 trolls
  2 hornets
  6 slime creatures (D:10)
  Sigmund (D:3)
  A shadow (D:10)
  3 spriggans
  3 wraiths (D:11)
  3 wyverns
  15 yaks
  A steam dragon (D:8)
  2 basilisks
  A black bear (Lair:1)
  3 ice beasts
  6 water moccasins
  3 sky beasts
  19 orc warriors
  A necrophage (D:8)
  5 ogres
  5 wolves (Lair:1)
  13 centaurs
  4 phantoms
  A wyvern zombie (D:8)
  4 bullfrogs
  3 kobold brigands
  3 scorpions
  4 water moccasin zombies
  A water moccasin skeleton (D:4)
  4 killer bees (D:10)
  A howler monkey (D:5)
  A centaur zombie (D:8)
  An electric eel (Lair:2)
  A bullfrog zombie (D:6)
  A jelly (D:5)
  5 orc priests
  A bullfrog skeleton (D:7)
  A gnoll shaman (D:7)
  2 hounds
  2 iguanas
  12 orc wizards
  A killer bee zombie (D:7)
  A hound skeleton (D:4)
  2 mummies (Ossuary)
  3 howler monkey zombies
  9 gnolls
  7 adders
  A river rat (D:5)
  A white imp (D:6)
  2 ufetubi
  An adder zombie (Ossuary)
  3 worms
  3 dart slugs (D:3)
  85 orcs
  6 ball pythons
  4 bats
  6 endoplasms
  5 giant cockroaches
  7 gnoll zombies (Ossuary)
  5 hobgoblins
  3 jackals
  2 quokkas
  A frilled lizard (D:2)
  9 goblins
  5 hobgoblin zombies (Ossuary)
  25 kobolds
  4 kobold zombies (Ossuary)
  An orc zombie (Ossuary)
  16 rats
385 creatures vanquished.

Vanquished Creatures (others)
  A tengu conjurer (D:8)
  An orc wizard (D:9)
  A bush (D:7)
  6 fungi (Lair:2)
  65 plants
74 creatures vanquished.

Grand Total: 459 creatures vanquished

Notes
Turn   | Place    | Note
-------+----------+-------------------------------------------
     0 | D:1      | sanka the Tengu Earth Elementalist began the quest for the
                  | Orb.
     0 | D:1      | Reached XP level 1. HP: 10/10 MP: 4/4
    74 | D:1      | Reached skill level 1 in Conjurations
   326 | D:1      | Reached XP level 2. HP: 15/15 MP: 4/6
  1234 | D:2      | Reached XP level 3. HP: 19/19 MP: 7/7
  1517 | D:2      | You fall into a shaft and drop 1 floor!
  2356 | D:2      | Reached XP level 4. HP: 24/24 MP: 8/8
  2439 | D:3      | Noticed Sigmund
  3343 | D:2      | Learned a level 3 spell: Stone Arrow
  3868 | D:3      | Reached skill level 5 in Conjurations
  4194 | D:3      | Gained mutation: Your magical nature lets you fly swiftly
                  | and evasively. [Tengu growth]
  4194 | D:3      | Reached XP level 5. HP: 18/28 MP: 9/9
  4829 | D:3      | Killed Sigmund
  4830 | D:3      | Reached XP level 6. HP: 11/32 MP: 1/10
  5771 | D:4      | Noticed an orc warrior
  5852 | D:4      | Reached XP level 7. HP: 36/36 MP: 4/11
  6515 | D:4      | Learned a level 2 spell: Passwall
  6564 | D:4      | Reached XP level 8. HP: 41/41 MP: 7/14
  7257 | D:5      | Entered Level 5 of the Dungeon
  7446 | D:5      | Reached skill level 10 in Conjurations
  7757 | D:5      | Found a glowing drain.
  7786 | Sewer    | Entered a sewer
  8547 | D:5      | Learned a level 4 spell: Sticky Flame
  8566 | D:5      | Reached skill level 1 in Fire Magic
  8566 | D:5      | Reached XP level 9. HP: 31/45 MP: 9/16
  8683 | D:6      | Gained mutation: Your mind is acute. (Int +2) [potion of
                  | mutation]
  9035 | D:6      | Found a staircase to the Ecumenical Temple.
  9044 | Temple   | Entered the Ecumenical Temple
  9048 | Temple   | Became a worshipper of Vehumet
  9166 | D:6      | Reached skill level 5 in Spellcasting
  9178 | D:6      | Found a sand-covered staircase.
  9187 | Ossuary  | Entered an ossuary
  9533 | Ossuary  | Reached * piety under Vehumet
  9533 | Ossuary  | Offered knowledge of Shock by Vehumet.
  9544 | Ossuary  | Learned a level 1 spell: Shock
  9700 | Ossuary  | Got Sif Muna's Compendium of the Aerial Entourage
  9746 | D:6      | Reached skill level 1 in Fighting
  9830 | D:6      | Reached skill level 3 in Dodging
 10339 | D:6      | Noticed a troll
 10343 | D:6      | Killed a troll
 10344 | D:6      | Reached skill level 4 in Dodging
 10446 | D:7      | Reached skill level 5 in Dodging
 10632 | D:7      | Reached skill level 6 in Dodging
 10634 | D:7      | Reached XP level 10. HP: 56/56 MP: 7/19
 10828 | D:7      | Found a hazy altar of Hepliaklqana.
 10917 | D:7      | Found an ornate altar of the Wu Jian Council.
 10947 | D:7      | Reached skill level 7 in Dodging
 10947 | D:7      | Offered knowledge of Static Discharge by Vehumet.
 10955 | D:7      | Reached ** piety under Vehumet
 10962 | D:7      | Learned a level 2 spell: Static Discharge
 11245 | D:7      | Found a sacrificial altar of Ru.
 11252 | D:7      | Found Kiuha's Antique Weapon Shoppe.
 11569 | D:7      | Reached skill level 1 in Air Magic
 11693 | D:8      | Found a flagged portal.
 11738 | Bailey   | Entered a bailey
 12372 | Bailey   | Reached skill level 8 in Dodging
 13045 | Bailey   | Offered knowledge of Mephitic Cloud by Vehumet.
 13046 | Bailey   | Reached skill level 9 in Dodging
 13583 | Bailey   | Identified the +4 bardiche "Ituagoce" {flame, Will+}
 13861 | D:8      | Reached skill level 10 in Dodging
 14009 | D:8      | Found a shimmering altar of Xom.
 14304 | D:8      | Noticed Joseph
 14354 | D:8      | Killed Joseph
 14362 | D:8      | Reached *** piety under Vehumet
 14946 | D:9      | Found a staircase to the Lair.
 15006 | D:9      | Found a blossoming altar of Fedhas.
 15020 | D:9      | Reached XP level 11. HP: 61/61 MP: 18/20
 15447 | D:9      | Noticed Psyche
 15450 | D:9      | Killed Psyche
 15450 | D:9      | Offered knowledge of Hailstorm by Vehumet.
 15462 | D:9      | Reached skill level 5 in Air Magic
 16214 | D:10     | Entered Level 10 of the Dungeon
 16220 | D:10     | Reached skill level 5 in Fighting
 16460 | D:10     | Reached skill level 11 in Dodging
 17031 | D:10     | Reached **** piety under Vehumet
 17099 | D:10     | Found a white marble altar of Elyvilon.
 17222 | D:10     | Noticed a two-headed ogre
 17223 | D:10     | Offered knowledge of Lightning Bolt by Vehumet.
 17232 | D:10     | Killed a two-headed ogre
 17410 | D:11     | Noticed a two-headed ogre
 17442 | D:10     | Killed a two-headed ogre
 17512 | D:11     | Noticed a boulder beetle
 17540 | D:11     | Killed a boulder beetle
 17755 | D:11     | Noticed a two-headed ogre
 17793 | D:11     | Noticed a seven-headed hydra
 17794 | D:11     | Identified the +0 scale mail "Yvvair" {Contam rF+ Dex+4}
 17795 | D:11     | Killed a two-headed ogre
 17865 | D:11     | Noticed a boulder beetle
 17867 | D:11     | Found Ticorule's Antique Weapon Shop.
 17868 | D:11     | Noticed a boulder beetle
 17883 | D:10     | Killed a boulder beetle
 17884 | D:10     | Reached skill level 12 in Dodging
 18088 | D:11     | Killed a boulder beetle
 18089 | D:11     | Reached XP level 12. HP: 15/72 MP: 21/21
 18353 | D:10     | Learned a level 5 spell: Lightning Bolt
 18529 | D:11     | Found a staircase to the Orcish Mines.
 19105 | D:11     | Killed a seven-headed hydra
 19239 | Lair:1   | Entered Level 1 of the Lair of Beasts
 19433 | Lair:1   | Noticed a four-headed hydra
 19442 | Lair:1   | Killed a four-headed hydra
 19633 | Lair:1   | Reached skill level 10 in Air Magic
 19912 | Lair:1   | Reached ***** piety under Vehumet
 19945 | Lair:1   | Reached skill level 13 in Dodging
 19947 | Lair:1   | Noticed a four-headed hydra
 19966 | Lair:1   | Killed a four-headed hydra
 19966 | Lair:1   | Offered knowledge of Orb of Destruction by Vehumet.
 20523 | Lair:1   | You are sucked into a shaft and drop 1 floor!
 21469 | Lair:2   | Found a snail-covered altar of Cheibriados.
 21522 | Lair:2   | Noticed a five-headed hydra
 21529 | Lair:2   | Killed a five-headed hydra
 21530 | Lair:2   | Reached XP level 13. HP: 62/79 MP: 26/26
 21611 | Lair:2   | Learned a level 7 spell: Orb of Destruction
 21700 | Lair:2   | HP: 1/79 [merfolk (3)]
 21703 | Lair:2   | Mangled by a merfolk

Illustrated notes

Levels and vault maps discovered:
D:1:      dpeg_arrival_stonehenge_8_columns, layout_loops_ring
D:2:      layout_loops_ring, minmay_rat_gold_closets
D:3:      layout_basic, uniq_sigmund
D:4:      layout_basic
D:5:      layout_loops_cross, portal_sewer_entry_c
D:6:      layout_rooms, minmay_temple_entry_antechambers,
          nicolae_ossuary_entry_monument, moated_statue,
          minmay_misc_feat_columns, minmay_misc_feat_more_columns
D:7:      layout_basic, mainiacjoe_overflow_surrounded_room,
          lemuel_crystal_altar, worldfamousw_hep_ancestral_shrine, serial_shops,
          nicolae_shop_stone, dk_noncrumbling_3, kennysheep_boxes
D:8:      layout_basic, nicolae_overflow_crystal_walls, enter_bailey_3,
          lemuel_flamethrower_2, uniq_joseph
D:9:      layout_loops_ring, mainiacjoe_overflow_cross_hatched,
          lair_entry_dummy, uniq_psyche
D:10:     layout_rooms, elyvilon_altar_1
D:11:     layout_roguey [special_room_orc], orc_0_dummy, serial_shops, shop,
          grunt_ministairs_2
Temple:   nicolae_temple_x_marks_the_god
Lair:1:   kb_forest_paths, layout_hall_layers, minmay_holes
Lair:2:   layout_layer_cave, elwin_shoals_entry_stream,
          nicolae_spider_entry_orb_guardian, st_stairs_12,
          kennysheep_snail_temple, infiniplex_staircase_pool, uniq_nergalle,
          uniq_fannar

Skill      XL: |  1  2  3  4  5  6  7  8  9 10 11 12 |
---------------+-------------------------------------+-----
Conjurations   | 2 3 4 5 8 9 11 12 | 12.0
Spellcasting   | 3 4 5 8 |  8.0
Earth Magic    | 3 4 |  4.0
Fire Magic     | 1 3 |  3.0
Fighting       | 3 4 7 8 |  8.7
Dodging        | 6 10 12 13 | 13.1
Air Magic      | 4 8 10 | 10.5
Stealth        | |  2.0
Transmutations | |  0.7

Action                   |  1- 3 |  4- 6 |  7- 9 | 10-12 | 13-15 || total
-------------------------+-------+-------+-------+-------+-------++-------
Melee: Unarmed           |    28 |       |       |       |       ||    28
       Dagger            |    34 |    45 |   174 |     8 |       ||   261
       Kick              |    10 |    12 |    65 |    33 |       ||   120
       Peck              |     5 |     8 |    38 |    20 |       ||    71
       Punch             |       |       |     6 |     1 |       ||     7
       Halberd           |       |       |       |    62 |       ||    62
       Long sword        |       |       |       |    36 |       ||    36
 Cast: Sandblast         |    42 |    42 |    40 |    12 |       ||   136
       Stone Arrow       |       |    24 |   102 |   330 |       ||   456
       Static Discharge  |       |       |       |    41 |       ||    41
       Sticky Flame      |       |       |       |     6 |       ||     6
       Lightning Bolt    |       |       |       |    15 |       ||    15
Evoke: Wand              |       |       |       |     1 |       ||     1
  Use: Potion            |       |     2 |     3 |     4 |     2 ||    11
       Scroll            |       |       |     4 |     6 |     2 ||    12
 Stab: Sleeping          |     4 |       |     1 |       |       ||     5
Armor: Robe              |    13 |     8 |    26 |    11 |       ||    58
       Leather armour    |       |       |       |    23 |       ||    23
Dodge: Dodged            |    35 |    90 |    88 |   276 |     5 ||   494
